 Dungeon Crawl Stone Soup version 0.30.0-5-g1a98f26d00 (webtiles) character file.

Game seed: 7778087996306760047

518 Pimp the Shield-Bearer (level 7, -1/44 HPs)
             Began as a Gargoyle Fighter on May 8, 2023.
             Was an Initiate of Cheibriados.
             Slain by a gnoll
             ... wielding a +0 halberd
              (6 damage)
             ... on level 5 of the Dungeon.
             The game lasted 00:05:00 (3615 turns).

Pimp the Shield-Bearer (Gargoyle Fighter)           Turns: 3615, Time: 00:05:01

Health: -1/44      AC: 21    Str: 21    XL:     7   Next: 21%
Magic:  7/7        EV:  6    Int: 11    God:    Cheibriados [......]
Gold:   186        SH:  5    Dex: 10    Spells: 6/6 levels left

rFire   . . .        x - +2 flail (holy)
rCold   . . .        c - +0 buckler
rNeg    + . .        k - +0 plate armour
rPois   ∞            (no helmet)
rElec   +            (no cloak)
rCorr   .            (no gloves)
SInv    .            (no boots)
Will    .....        (no amulet) Stlth
                     e - +4 ring of protection
HPRegen 0.27/turn    (no ring)
MPRegen 0.10/turn

%: no passive effects
@: very slow
A: sickness immunity, AC +4, negative energy resistance 1, electricity
resistance, torment resistance 1, petrification resistance
a: Renounce Religion


You were on level 5 of the Dungeon.
You worshipped Cheibriados.
Cheibriados was noncommittal.
You visited 2 branches of the dungeon, and saw 6 of its levels.

You collected 186 gold pieces.

Inventory:

Hand Weapons
 a - a +0 flail
 x - a +2 flail of holy wrath (weapon)
Armour
 b - a +0 scale mail
 c - a +0 buckler (worn)
 h - a +0 chain mail
 k - a +0 plate armour (worn)
Jewellery
 e - a +4 ring of protection (left hand)
Wands
 m - a wand of flame (21)
 r - a wand of acid (6)
 v - a wand of iceblast (8)
 y - a wand of polymorph (1)
Scrolls
 f - a scroll of poison {unknown}
 g - 7 scrolls of enchant weapon {unknown}
 i - 2 scrolls of identify {unknown}
 j - 2 scrolls of teleportation {unknown}
 l - a scroll of fear {unknown}
 o - a scroll of immolation {unknown}
 p - a scroll of enchant armour {unknown}
Potions
 d - 4 potions of might
 n - a potion of curing {unknown}
 q - a potion of berserk rage {unknown}
 s - a potion of haste {unknown}
 t - a potion of flight {unknown}
 u - a potion of brilliance {unknown}
 w - a potion of resistance {unknown}


   Skills:
 + Level 5.1 Fighting
 + Level 4.1 Maces & Flails
 + Level 5.2 Armour
 + Level 5.2 Shields


You had 6 spell levels left.
You didn't know any spells.
Your spell library contained the following spells:

 Spells                   Type           Power      Damage    Failure   Level
 Shock                    Conj/Air       0%         1d3       100%        1
 Sting                    Tmut/Pois      0%         1d3       100%        1
 Poisonous Vapours        Pois/Air       0%         N/A       100%        2
 Dazzling Flash           Conj/Hex       0%         N/A       100%        3
 Ignite Poison            Fire/Tmut/Pois 0%         N/A       100%        3
 Swiftness                Air            0%         N/A       100%        3
 Airstrike                Air            0%         2d(0-16)  100%        4
 Olgreb's Toxic Radiance  Pois           0%         N/A       100%        4
 Agony                    Necr           0%         N/A       100%        5
 Freezing Cloud           Conj/Ice/Air   0%         6-21      100%        5
 Silence                  Hex/Air        0%         N/A       100%        5
 Cigotuvi's Dreadful Rot  Necr/Pois/Air  Unusable   N/A       N/A         2

Dungeon Overview and Level Annotations

Branches:
Dungeon (5/15)             Temple (1/1) D:4

Altars:
Ashenzari
Cheibriados
Elyvilon
Fedhas
Makhleb
Nemelex Xobeh
Okawaru
Qazlal
Sif Muna
Trog
Uskayaw
Vehumet
Wu Jian
Yredelemnul


Innate Abilities, Weirdness & Mutations

You are immune to sickness and miasma.
Your stone body is resilient. (AC +4)
You are immune to poison.
You resist negative energy. (rN+)
You are resistant to electric shocks. (rElec)
You are resistant to unholy torment.
You are immune to petrification.


Message History

a +0 club; a gnoll corpse You hit the gnoll.
The gnoll is lightly wounded.
The gnoll hits you from afar with a +0 halberd.
The gnoll closely misses you.
You barely miss the gnoll.
The gnoll is lightly wounded.
The gnoll hits you from afar with a +0 halberd!
The gnoll hits you but does no damage.
You hit the gnoll.
The gnoll is heavily wounded.
The gnoll hits you but does no damage. x2
You closely miss the gnoll.
The gnoll is heavily wounded.
The gnoll hits you but does no damage. The gnoll hits you with a +0 spear.
The gnoll hits you from afar with a +0 halberd!
* * * LOW HITPOINT WARNING * * *
The gnoll hits you but does no damage.
You sock the gnoll!
You kill the gnoll!
Cheibriados thoroughly appreciates the change of pace.
The gnoll completely misses you. The gnoll hits you but does no damage.
You see here a +0 spear.
You completely miss the gnoll. You block the gnoll's attack.
You thump the gnoll!
The gnoll is heavily wounded.
The gnoll hits you with a +0 halberd.
* * * LOW HITPOINT WARNING * * *
The gnoll hits you but does no damage.
You hit the gnoll but do no damage.
The gnoll is heavily wounded.
You block the gnoll's attack.
You hit the gnoll.
The gnoll is almost dead.
The gnoll hits you but does no damage.
You closely miss the gnoll.
The gnoll is almost dead.
The gnoll hits you with a +0 halberd.
You die...

........## .#
.........# .#
.......#.#####..#
.........$...#..#
................#
###.####.###.##.#
# #........#
#g###.#### #@#
#.# #)# #.#
#.####.###.# ###
#####..........#
#..
...######.#####
#.# ###.### #.#
#.# #.....# #.#
#.###.....####.#
#.##...........#


You could see a gnoll.

Vanquished Creatures
  2 scorpions (D:5)
  A hound (D:5)
  2 iguanas
  Natasha (thrice) (D:2)
  3 orc wizards
  2 gnolls (D:5)
  4 adders
  A shadow imp (D:4)
  A white imp (D:4)
  An ufetubus (D:4)
  A worm (D:3)
  2 dart slugs
  8 orcs
  2 ball pythons (D:2)
  6 endoplasms
  3 giant cockroaches
  4 goblins
  6 hobgoblins
  8 jackals
  5 kobolds
  4 quokkas
  8 bats
  5 frilled lizards
  10 rats
92 creatures vanquished.

Notes
Turn   | Place    | Note
-------+----------+-------------------------------------------
     0 | D:1      | Pimp the Gargoyle Fighter began the quest for the Orb.
     0 | D:1      | Reached XP level 1. HP: 14/14 MP: 1/1
    83 | D:1      | Reached XP level 2. HP: 19/19 MP: 2/2
   400 | D:1      | Reached XP level 3. HP: 23/23 MP: 3/3
  1088 | D:2      | Noticed Natasha
  1101 | D:2      | Reached XP level 4. HP: 23/29 MP: 4/4
  1103 | D:2      | Killed Natasha
  1270 | D:2      | Noticed Natasha
  1290 | D:2      | Killed Natasha
  1422 | D:2      | Reached XP level 5. HP: 33/33 MP: 5/5
  1664 | D:2      | Noticed Natasha
  1668 | D:2      | Killed Natasha
  1691 | D:3      | Found a basalt altar of Yredelemnul.
  1692 | D:3      | Found a faded altar of an unknown god.
  1742 | D:3      | Found a broken altar of Ashenzari.
  2170 | D:3      | Found a faded altar of an unknown god.
  2237 | D:3      | Found a bloodstained altar of Trog.
  2305 | D:3      | Found a blossoming altar of Fedhas.
  2683 | D:4      | Reached XP level 6. HP: 39/39 MP: 6/6
  2801 | D:4      | Found a staircase to the Ecumenical Temple.
  2921 | Temple   | Entered the Ecumenical Temple
  2949 | Temple   | Became a worshipper of Cheibriados the Contemplative
  3418 | D:5      | Entered Level 5 of the Dungeon
  3459 | D:5      | Reached skill level 5 in Shields
  3524 | D:5      | Reached skill level 5 in Armour
  3544 | D:5      | Reached skill level 5 in Fighting
  3544 | D:5      | Reached XP level 7. HP: 44/44 MP: 7/7
  3615 | D:5      | Slain by a gnoll

Illustrated notes

Levels and vault maps discovered:
D:1:      amcnicky_arrival_underground_garden, layout_loops_ring
D:2:      layout_basic, uniq_natasha
D:3:      layout_basic, nicolae_overflow_ecumenical_swirl, lemuel_crystal_altar,
          trog_book, mainiacjoe_overflow_catwalk,
          dreamdust_ecumenical_altar_statues
D:4:      layout_cave_pods, minmay_temple_entry_grid, lemuel_flame_loot_1
D:5:      layout_loops_ring, minivault_4
Temple:   chequers_temple_sunken

Skill      XL: |  1  2  3  4  5  6 |
---------------+-------------------+-----
Fighting       | 4 5 |  5.1
Armour         | 4 5 |  5.2
Shields        | 4 5 |  5.2
Maces & Flails | 3 4 |  4.1

Action                     |  1- 3 |  4- 6 |  7- 9 || total
---------------------------+-------+-------+-------++-------
  Melee: Flail             |   136 |   171 |    24 ||   331
 Armour: Scale mail        |    92 |       |       ||    92
         Chain mail        |    48 |     7 |       ||    55
         Plate armour      |       |   161 |    28 ||   189
  Dodge: Dodged            |    88 |    63 |     6 ||   157
  Block: Buckler           |    42 |    49 |     9 ||   100
